 Dungeon Crawl Stone Soup version 0.28-a0-845-gfc338a8e3c (webtiles) character file.

Game seed: 3668795217280968737

1938 Woods the Insei (level 9, -3/57 (67) HPs)
             Began as a Gnoll Transmuter on Nov 13, 2021.
             Slain by a wight (9 damage)
             ... on level 6 of the Dungeon.
             The game lasted 00:07:57 (8120 turns).

Woods the Insei (Gnoll Transmuter)                  Turns: 8120, Time: 00:07:58

HP:   -3/57 (67)    AC:  2    Str: 10    XL:     9   Next: 18%
MP:   24/27         EV: 23    Int: 16    God:
Gold: 214           SH:  0    Dex: 17    Spells: 2/20 levels left

rFire   . . .      SeeInvis .     - Unarmed
rCold   . . .      Faith    .   (shield currently unavailable)
rNeg    . . .      Spirit   .   (armour currently unavailable)
rPois   x          Reflect  .   (helmet currently unavailable)
rElec   .          Harm     .   (cloak currently unavailable)
rCorr   .          Rampage  .   (gloves currently unavailable)
Will    .....                   (boots currently unavailable)
Stlth   +++.......              (no amulet)
HPRegen 0.19/turn               t - ring of magical power
MPRegen 0.20/turn               (no ring)

@: about to teleport, spider-form (expiring), wereblooded, heavily drained
A: venomous fangs, tiny, (fangs 1), strong nose, distributed training
a: End Transformation


You were on level 6 of the Dungeon.
You were a venomous arachnid creature.
You visited 1 branch of the dungeon, and saw 6 of its levels.

You collected 284 gold pieces.
You spent 70 gold pieces at shops.

Inventory:

Armour
 a - a +0 robe (melded)
 i - a +0 pair of boots (melded)
Jewellery
 t - a ring of magical power (left front leg)
Wands
 n - a wand of flame (37)
 r - a wand of polymorph (10)
Scrolls
 b - 4 scrolls of vulnerability
 c - 3 scrolls of silence
 d - 3 scrolls of magic mapping {unknown}
 f - 2 scrolls of amnesia
 j - a scroll of enchant weapon {unknown}
 k - 3 scrolls of noise {unknown}
 m - a scroll of enchant armour {unknown}
 o - a scroll of teleportation
 p - a scroll of identify
 q - a scroll of acquirement {unknown}
 u - a scroll of fog {unknown}
Potions
 e - 2 potions of mutation {unknown}
 h - 3 potions of curing
 l - 2 potions of flight {unknown}
 s - a potion of berserk rage {unknown}
 v - a potion of cancellation {unknown}
 w - a potion of might {unknown}


   Skills:
 + Level 4.8 Fighting
 + Level 4.0 Short Blades
 + Level 4.0 Long Blades
 + Level 4.0 Axes
 + Level 4.0 Maces & Flails
 + Level 4.0 Polearms
 + Level 4.0 Staves
 + Level 4.0 Slings
 + Level 4.0 Bows
 + Level 4.0 Crossbows
 + Level 4.0 Throwing
 + Level 4.0 Armour
 + Level 6.1 Dodging
 + Level 4.0 Stealth
 + Level 4.0 Shields
 + Level 7.7 Unarmed Combat
 + Level 6.4 Spellcasting
 + Level 3.2 Conjurations
 + Level 3.2 Hexes
 + Level 3.2 Summonings
 + Level 3.2 Necromancy
 + Level 3.2 Translocations
 + Level 5.1 Transmutations
 + Level 3.2 Fire Magic
 + Level 3.2 Ice Magic
 + Level 3.2 Air Magic
 + Level 3.2 Earth Magic
 + Level 3.2 Poison Magic
 + Level 4.4 Invocations
 + Level 4.0 Evocations


You had 2 spell levels left.
You knew the following spells:

 Your Spells              Type           Power      Damage    Failure   Level
a - Beastly Appendage     Tmut           42%        N/A       7%          1
b - Wereblood             Tmut           21%        N/A       10%         2
c - Spider Form           Tmut/Pois      18%        N/A       19%         3
d - Ice Form              Ice/Tmut       18%        N/A       45%         4
e - Passwall              Tmut/Erth      15%        N/A       12%         2
f - Swiftness             Air            15%        N/A       26%         3
g - Ozocubu's Armour      Ice            15%        N/A       26%         3

Your spell library contained the following spells:

 Spells                   Type           Power      Damage    Failure   Level
 Blink                    Tloc           30%        N/A       16%         2
 Fireball                 Conj/Fire      7%         3d5       85%         5
 Iskenderun's Battlesphe  Conj           15%        2d7       85%         5
 Manifold Assault         Tloc           15%        N/A       85%         5
 Metabolic Englaciation   Hex/Ice        7%         N/A       85%         5
 Conjure Ball Lightning   Conj/Air       7%         3x3d6     100%        6
 Simulacrum               Ice/Necr       7%         N/A       100%        6
 Orb of Destruction       Conj           7%         9d3       100%        7
 Storm Form               Tmut/Air       9%         N/A       100%        7


Dungeon Overview and Level Annotations

Branches:
Dungeon (6/15)
 Temple: D:4-7

Altars:
Okawaru
Uskayaw
Wu Jian
Yredelemnul
The Shining One

Shops:
D:3 ?


Innate Abilities, Weirdness & Mutations

You are a venomous arachnid creature.
You have poisonous fangs.
You are tiny and dextrous.
Your spellcasting is less reliable in this form.
Your armour is entirely melded.
You are incapable of wielding weapons or throwing items.
((You have very sharp teeth.))
Your uncanny sense of smell can sniff out nearby items.
Your experience applies equally to all skills.


Message History

Your +0 pair of boots melds into your body.
Your +0 robe melds into your body.
Casting: Spider Form (dangerous; 19% risk of failure)
Confirm with . or Enter, or press ? or * to list all spells.
Your blood is infused with primal strength.
You barely miss the wight. The wight closely misses you.
You hit the wight.
The wight is lightly damaged.
The wight completely misses you.
The wight hits you with a +3 morningstar!
You feel drained.
You hit the wight but do no damage.
The wight is lightly damaged.
The wight completely misses you.
The wight hits you with a +3 morningstar.
You hit the wight but do no damage.
The wight is lightly damaged.
The wight hits you with a +1 short sword of draining!
You feel drained. x2
You bite the wight!
The wight is severely damaged.
The wight hits you with a +3 morningstar!
* * * LOW HITPOINT WARNING * * *
You hit the wight.
You feel a bit better.
You destroy the wight!
Your transformation is almost over.
You hit the wight.
The wight is lightly damaged.
The wight hits you with a +3 morningstar!
* * * LOW HITPOINT WARNING * * *
The wight closely misses you.
You feel much better. The wight misses you.
The wight hits you with a +5 great sword!
You feel drained.
As you read the scroll of teleportation, it crumbles to dust.
You feel strangely unstable. The wight closely misses you.
The wight hits you with a +5 great sword!!
* * * LOW HITPOINT WARNING * * *
You feel drained.
You die...

..≈≈.≈≈..########
...≈.≈...#########
.≈.....≈.#.......#
.≈≈...≈≈...#####.#
...._...........)#
.≈≈...≈≈.........#
.≈.....≈.........#
...≈.≈.....#####z#######
..≈≈.≈≈....# #sz.....#
...........# #######.#
.........##


You could see 2 wights.

Vanquished Creatures
  Grinder (D:4)
  Sigmund (D:3)
  Eustachio (D:5)
  Edmund (D:4)
  A water moccasin (D:6)
  2 ice beasts (D:5)
  2 sky beasts
  An ogre (D:6)
  Blork the orc (D:5)
  A wyvern zombie (D:6)
  2 scorpions (D:4)
  A water moccasin skeleton (D:5)
  2 wights (D:6)
  A howler monkey (D:5)
  A centaur zombie (D:6)
  2 hounds (D:5)
  An orc priest (D:5)
  Terence (D:2)
  Natasha (thrice) (D:3)
  7 adders
  A shadow imp (D:5)
  An adder skeleton (D:4)
  An adder zombie (D:5)
  A worm (D:5)
  2 dart slugs
  3 orcs (D:5)
  10 endoplasms
  2 giant cockroaches (D:1)
  6 hobgoblins
  2 jackals (D:2)
  5 quokkas
  5 ball pythons
  6 bats
  4 frilled lizards
  8 goblins
  11 kobolds
  6 rats
107 creatures vanquished.

Notes
Turn   | Place    | Note
-------+----------+-------------------------------------------
     0 | D:1      | Woods the Gnoll Transmuter began the quest for the Orb.
     0 | D:1      | Reached XP level 1. HP: 17/17 MP: 6/6
   691 | D:1      | Reached XP level 2. HP: 10/23 MP: 5/7
   699 | D:1      | Learned a level 2 spell: Wereblood
  1609 | D:1      | Reached XP level 3. HP: 28/28 MP: 7/9
  1734 | D:2      | Reached skill level 5 in Spellcasting
  1835 | D:2      | Noticed Terence
  1865 | D:1      | Learned a level 3 spell: Spider Form
  1876 | D:2      | Killed Terence
  1877 | D:2      | Reached skill level 1 in Short Blades
  1877 | D:2      | Reached skill level 1 in Long Blades
  1877 | D:2      | Reached skill level 1 in Axes
  1877 | D:2      | Reached skill level 1 in Maces & Flails
  1877 | D:2      | Reached skill level 1 in Polearms
  1877 | D:2      | Reached skill level 1 in Staves
  1877 | D:2      | Reached skill level 1 in Slings
  1877 | D:2      | Reached skill level 1 in Bows
  1877 | D:2      | Reached skill level 1 in Crossbows
  1877 | D:2      | Reached skill level 1 in Throwing
  1877 | D:2      | Reached skill level 1 in Armour
  1877 | D:2      | Reached skill level 1 in Stealth
  1877 | D:2      | Reached skill level 1 in Shields
  1877 | D:2      | Reached skill level 1 in Invocations
  1877 | D:2      | Reached skill level 1 in Evocations
  2078 | D:2      | Reached XP level 4. HP: 25/34 MP: 11/11
  2524 | D:2      | Reached skill level 1 in Conjurations
  2524 | D:2      | Reached skill level 1 in Hexes
  2524 | D:2      | Reached skill level 1 in Summonings
  2524 | D:2      | Reached skill level 1 in Necromancy
  2524 | D:2      | Reached skill level 1 in Translocations
  2524 | D:2      | Reached skill level 1 in Fire Magic
  2524 | D:2      | Reached skill level 1 in Ice Magic
  2524 | D:2      | Reached skill level 1 in Air Magic
  2524 | D:2      | Reached skill level 1 in Earth Magic
  2524 | D:2      | Reached skill level 1 in Poison Magic
  3121 | D:3      | Found an iron altar of Okawaru.
  3188 | D:3      | Reached XP level 5. HP: 40/40 MP: 12/12
  3198 | D:3      | Found a basalt altar of Yredelemnul.
  3198 | D:3      | Noticed Sigmund
  3208 | D:3      | Killed Sigmund
  3209 | D:3      | Reached XP level 6. HP: 31/47 MP: 11/14
  3441 | D:3      | Noticed Natasha
  3454 | D:3      | Killed Natasha
  3455 | D:3      | Reached skill level 5 in Dodging
  3651 | D:3      | Noticed Natasha
  3663 | D:3      | Killed Natasha
  4203 | D:3      | Noticed Natasha
  4210 | D:3      | Killed Natasha
  4327 | D:3      | Found Noant's Magic Scroll Shoppe.
  4332 | D:3      | Bought a scroll of identify for 28 gold pieces
  4332 | D:3      | Bought a scroll of teleportation for 42 gold pieces
  4367 | D:4      | Reached XP level 7. HP: 52/52 MP: 11/15
  4408 | D:4      | Found a hide-covered altar of Uskayaw.
  4408 | D:4      | Found an ornate altar of the Wu Jian Council.
  4410 | D:4      | Noticed Edmund
  4427 | D:4      | Killed Edmund
  4428 | D:4      | Reached skill level 7 in Unarmed Combat
  4448 | D:4      | Noticed Grinder
  4470 | D:4      | Killed Grinder
  5405 | D:5      | Entered Level 5 of the Dungeon
  5405 | D:5      | Noticed Eustachio
  5416 | D:5      | Killed Eustachio
  5417 | D:5      | Reached XP level 8. HP: 29/60 MP: 13/16
  5643 | D:5      | Noticed Blork the orc
  5662 | D:4      | Learned a level 4 spell: Ice Form
  5665 | D:4      | Learned a level 2 spell: Passwall
  5669 | D:4      | Learned a level 3 spell: Swiftness
  5678 | D:5      | Killed Blork the orc
  6495 | D:5      | Learned a level 3 spell: Ozocubu's Armour
  7724 | D:6      | Reached skill level 5 in Transmutations
  7724 | D:6      | Reached XP level 9. HP: 47/66 MP: 18/18
  8041 | D:6      | Found a glowing golden altar of the Shining One.
  8120 | D:6      | Slain by a wight

Illustrated notes

Levels and vault maps discovered:
D:1:      dpeg_arrival_rooms_b, layout_loops_corners, kennysheep_flooded_box,
          minmay_pentomino_z4
D:2:      layout_basic, kennysheep_doodads, hangedman_decor_riveting,
          eino_tiny_chamber, due_unseen_surprise, uniq_terence
D:3:      layout_basic, okawaru_ov_weapons_minmay, lemuel_doored_altar,
          serial_shops, shop, minmay_diced_spiral, uniq_natasha, uniq_sigmund
D:4:      layout_basic, chequers_temple_overflow_statue_of_worship,
          minmay_misc_feat_hallway, uniq_grinder, uniq_edmund
D:5:      layout_basic, uniq_blork_the_orc, uniq_eustachio
D:6:      layout_basic, amcnicky_altar_gilded,
          mainiacjoe_overflow_small_starburst, minmay_temple_entry_trees,
          chequers_decorated_corner

Skill      XL: |  1  2  3  4  5  6  7  8  9 |
---------------+----------------------------+-----
Spellcasting   | 5 6 |  6.4
Short Blades   | 1 2 3 4 |  4.0
Long Blades    | 1 2 3 4 |  4.0
Axes           | 1 2 3 4 |  4.0
Maces & Flails | 1 2 3 4 |  4.0
Polearms       | 1 2 3 4 |  4.0
Staves         | 1 2 3 4 |  4.0
Slings         | 1 2 3 4 |  4.0
Bows           | 1 2 3 4 |  4.0
Crossbows      | 1 2 3 4 |  4.0
Throwing       | 1 2 3 4 |  4.0
Armour         | 1 2 3 4 |  4.0
Stealth        | 1 2 3 4 |  4.0
Shields        | 1 2 3 4 |  4.0
Invocations    | 1 2 3 4 |  4.4
Evocations     | 1 2 3 4 |  4.0
Conjurations   | 1 2 3 |  3.2
Hexes          | 1 2 3 |  3.2
Summonings     | 1 2 3 |  3.2
Necromancy     | 1 2 3 |  3.2
Translocations | 1 2 3 |  3.2
Fire Magic     | 1 2 3 |  3.2
Ice Magic      | 1 2 3 |  3.2
Air Magic      | 1 2 3 |  3.2
Earth Magic    | 1 2 3 |  3.2
Poison Magic   | 1 2 3 |  3.2
Fighting       | 3 4 |  4.8
Transmutations | 4 5 |  5.1
Dodging        | 5 6 |  6.1
Unarmed Combat | 7 |  7.7

Action                   |  1- 3 |  4- 6 |  7- 9 || total
-------------------------+-------+-------+-------++-------
Melee: Unarmed           |    79 |   114 |   171 ||   364
       Kick              |     5 |     8 |     7 ||    20
       Bite              |     5 |     5 |     7 ||    17
       Headbutt          |     4 |    11 |     9 ||    24
       Punch             |     1 |       |     1 ||     2
 Cast: Beastly Appendage |    21 |    23 |    16 ||    60
       Spider Form       |     1 |     5 |    16 ||    22
       Wereblood         |       |       |     1 ||     1
  Use: Scroll            |       |     3 |     3 ||     6
       Potion            |       |       |     3 ||     3
 Stab: Sleeping          |     1 |     3 |     3 ||     7
Armor: Robe              |     6 |    14 |     5 ||    25
       Skin              |       |     2 |     9 ||    11
Dodge: Dodged            |    50 |    85 |   140 ||   275

Table legend: (Time is in decaauts)
 A = Elapsed time spent in this place.
 B = Non-inter-level travel time spent in this place.
 C = Inter-level travel time spent in this place.
 D = Time resting spent in this place.
 E = Time spent auto-exploring this place.
 F = Levels seen in this place.
 G = Mean time per level.
                   A        B        C        D        E       F      G
               +--------+--------+--------+--------+--------+-----+--------+
         Total |   8074 |   7963 |    111 |   1739 |   5148 |   6 | 1345.7 |
       Dungeon |   8074 |   7963 |    111 |   1739 |   5148 |   6 | 1345.7 |
               +--------+--------+--------+--------+--------+-----+--------+

Top non-repeatable levels by time:
     D:1: 1718 daAuts
     D:5: 1610 daAuts
     D:3: 1364 daAuts
     D:2: 1252 daAuts
     D:4: 1199 daAuts
     D:6: 929 daAuts
